 Dungeon Crawl Stone Soup version 0.28-a0-1435-g82390b3a13 (webtiles) character file.

Game seed: 4488052121295919107

2582 Lekart the Carver (level 9, -2/81 HPs)
             Began as a Yellow Draconian Fighter on Jan 9, 2022.
             Was a High Priest of Jiyva.
             Killed from afar by a steam dragon (14 damage)
             ... with a ball of steam
             ... on level 9 of the Dungeon.
             The game lasted 00:10:05 (5930 turns).

Lekart the Carver (Yellow Draconian Fighter)        Turns: 5930, Time: 00:10:06

Health: -2/81      AC:  8    Str: 19    XL:     9   Next: 32%
Magic:  9/9        EV: 13    Int:  9    God:    Jiyva [*****.]
Gold:   58         SH:  5    Dex: 11    Spells: 8/8 levels left

rFire   . . .      SeeInvis +   a - +0 long sword
rCold   . . .      Faith    .   b - +0 buckler
rNeg    . . .      Spirit   .   (armour unavailable)
rPois   +          Reflect  .   (helmet restricted)
rElec   +          Harm     .   f - +0 cloak
rCorr   +          Rampage  .   (no gloves)
Will    .....                   (no boots)
Stlth   ++........              (no amulet)
HPRegen 1.67/turn               o - ring "Femengan" {rElec rPois Will- Dex-3 Stlth+}
MPRegen 0.56/turn               (no ring)

@: short of breath
A: spit acid, AC +7, unfitting armour, cold-blooded, acid resistance, antennae
1, eyeballs 3, pseudopods 3, engulf
a: Breathe Acid, Renounce Religion, Oozemancy, Slimify


You were on level 9 of the Dungeon.
You worshipped Jiyva.
Jiyva was extremely pleased with you.
You visited 2 branches of the dungeon, and saw 10 of its levels.
You also visited: Ossuary.

You collected 208 gold pieces.
You spent 150 gold pieces at shops.

Inventory:

Hand Weapons
 a - a +0 long sword (weapon)
Missiles
 e - 4 poisoned darts (quivered)
Armour
 b - a +0 buckler (worn)
 f - a +0 cloak (worn)
Jewellery
 o - the ring "Femengan" (left hand) {rElec rPois Will- Dex-3 Stlth+}
   (You found it on level 7 of the Dungeon)

   [ring of poison resistance]

   Dex:       It affects your dexterity (-3).
   rElec:     It insulates you from electricity.
   rPois:     It protects you from poison.
   Will:      It decreases your willpower.
   Stlth:     It makes you more stealthy.
Scrolls
 h - a scroll of magic mapping
 m - 3 scrolls of identify
Potions
 c - a potion of might
 d - a potion of resistance
 g - 2 potions of brilliance
 i - a potion of attraction {unknown}
 k - 2 potions of lignification
 l - 4 potions of heal wounds
 n - a potion of berserk rage {unknown}
 r - a potion of mutation {unknown}
 s - 3 potions of curing


   Skills:
 * Level 8.1 Fighting
 + Level 8.8 Long Blades
 + Level 1.3 Throwing
 + Level 5.5 Dodging
 + Level 4.6 Shields


You had 8 spell levels left.
You didn't know any spells.
Your spell library contained the following spells:

 Spells                   Type           Power      Damage    Failure   Level
 Freeze                   Ice            0%         1d3       45%         1
 Ensorcelled Hibernation  Hex/Ice        0%         N/A       61%         2
 Dazzling Flash           Conj/Hex       0%         N/A       83%         3
 Frozen Ramparts          Ice            0%         1d2       83%         3
 Spider Form              Tmut/Pois      0%         N/A       83%         3
 Hailstorm                Conj/Ice       0%         3d3       99%         4
 Iskenderun's Mystic Bla  Conj/Tloc      0%         2d3       99%         4
 Dispersal                Tloc           0%         N/A       100%        6
 Starburst                Conj/Fire      0%         6d3       100%        6
 Disjunction              Tloc           0%         N/A       100%        8


Dungeon Overview and Level Annotations

Branches:
Dungeon (8/15)             Temple (1/1) D:5         Ossuary (visited)
   Lair: D:8-11

Altars:
Ashenzari
Cheibriados
Elyvilon
Fedhas
Gozag
Hepliaklqana
Kikubaaqudgha
Makhleb
Nemelex Xobeh
Okawaru
Qazlal
Ru
Sif Muna
Trog
Uskayaw
Wu Jian
Xom
Yredelemnul
Zin
The Shining One
Jiyva

Shops:
D:6 [?!*(


Innate Abilities, Weirdness & Mutations

You can spit globs of acid.
Your golden yellow scales are hard. (AC +7)
You cannot fit into any form of body armour.
You are cold-blooded and may be slowed by cold attacks.
You are resistant to acid. (rCorr)
You have a pair of small antennae on your head.
Your body is covered in eyes which may confuse attackers. (Acc +7, SInv)
Armour fits poorly on your massive pseudopods.
Your melee attacks may engulf your foes in ooze.


Message History

The steam dragon is moderately wounded.
The orc warrior hits you with a +0 flail!
* * * LOW HITPOINT WARNING * * *
The orc misses you. The steam dragon barely misses you.
The steam dragon misses you.
You feel much better. You block the orc warrior's attack.
The orc closely misses you. The steam dragon barely misses you.
The steam dragon claws you but does no damage.
Okay, then.
You aren't carrying any items that you can evoke.
Press: ? - help, Shift-Dir - straight line, f - steam dragon
Aim: a steam dragon (steam, moderately wounded, catching its breath)
You spit a glob of acid.
The glob of acid hits the steam dragon!
The acid corrodes the steam dragon!
The acid splashes onto the orc!
The orc is splashed with acid.
The acid corrodes the orc!
The acid splashes onto the orc warrior!
The orc warrior is splashed with acid.
The acid corrodes the orc warrior!
The steam dragon is severely wounded.
The orc warrior barely misses you. The orc closely misses you.
You block the steam dragon's attack.
The steam dragon claws you but does no damage.
You hit the steam dragon.
The steam dragon is severely wounded.
The orc warrior hits you with a +0 flail!
You block the orc's attack. The steam dragon barely misses you.
The steam dragon closely misses you.
You slash the steam dragon!
Your tail-slap misses the steam dragon.
The steam dragon is almost dead.
The orc warrior hits you but does no damage.
You block the orc's attack. The steam dragon breathes steam at you.
The ball of steam hits you!
* * * LOW HITPOINT WARNING * * *
The steam dragon bites you.
* * * LOW HITPOINT WARNING * * *
The steam dragon closely misses you. The orc warrior closely misses you.
The steam dragon breathes steam at you. The ball of steam hits you!
You die...

............ ...........
..........# ........).#
.......)..# .......)..#
.......)o§########
.......oD.§..§...#
.......@§§§.§§...#
.................#######
##########.#####........
#..###..#######
#.......# #....
#.###.........#
#.#|####...####
#.##..†#####...
#..#....†......


You could see a steam dragon (catching breath, corroded), an orc warrior
(corroded) and an orc (corroded).

Vanquished Creatures
  A manticore (D:9)
  A troll (D:6)
  A hornet (D:9)
  Sigmund (D:5)
  A wyvern (D:7)
  A wraith (D:9)
  2 acid dragons
  A water moccasin (D:9)
  A sky beast (D:6)
  A necrophage (D:5)
  A centaur (D:9)
  An ogre (D:7)
  2 phantoms
  A kobold brigand (D:9)
  3 bullfrogs
  A scorpion (D:5)
  A bullfrog zombie (D:5)
  A jelly (Ossuary)
  A centaur zombie (D:5)
  A hound (D:4)
  2 orc priests
  Natasha (D:4)
  3 iguanas
  5 orc wizards
  A hound zombie (D:5)
  A hound skeleton (D:4)
  A mummy (Ossuary)
  6 adders
  2 shadow imps
  A white imp (D:7)
  An adder skeleton (D:4)
  3 worms
  18 orcs
  A spectral bat (Ossuary)
  5 bats
  2 endoplasms (D:1)
  3 giant cockroaches
  9 gnoll zombies (Ossuary)
  6 hobgoblins
  3 jackals
  2 quokkas
  10 ball pythons
  4 bat simulacra (Ossuary)
  3 frilled lizards
  5 goblins
  5 goblin zombies (Ossuary)
  5 hobgoblin zombies
  4 kobolds
  4 kobold simulacra (Ossuary)
  2 kobold skeletons (D:5)
  6 kobold zombies (Ossuary)
  2 orc skeletons (D:5)
  7 orc zombies
  5 rats
  4 rat simulacra (Ossuary)
  2 spectral goblins (Ossuary)
  4 spectral kobolds (Ossuary)
  6 spectral rats (Ossuary)
178 creatures vanquished.

Vanquished Creatures (others)
  A manticore (D:9)
  A slime creature (D:9)
  A wyvern (D:9)
  A steam dragon (D:9)
  2 centaurs (D:9)
  A wight (D:9)
  A killer bee (D:9)
  13 jellies
  3 howler monkeys (D:9)
  A bullfrog skeleton (D:5)
  Natasha (D:4)
  A howler monkey zombie (D:9)
  An adder (D:6)
  A white imp (D:6)
  An ufetubus (D:4)
  A dart slug (D:2)
  An endoplasm (D:4)
  5 orcs
  A ball python (D:4)
  A bat (D:2)
  A giant cockroach (D:4)
  3 gnoll zombies (Ossuary)
  A goblin (D:2)
  2 jackals (D:4)
  A quokka (D:2)
  6 kobolds
  34 plants (D:2)
87 creatures vanquished.

Grand Total: 265 creatures vanquished

Notes
Turn   | Place    | Note
-------+----------+-------------------------------------------
     0 | D:1      | Lekart the Draconian Fighter began the quest for the Orb.
     0 | D:1      | Reached XP level 1. HP: 19/19 MP: 1/1
   184 | D:1      | Reached XP level 2. HP: 26/26 MP: 2/2
   284 | D:1      | Found a faded altar of an unknown god.
   544 | D:1      | Prayed at the altar of an unknown god.
   544 | D:1      | Became a worshipper of Jiyva Jodujoen the Shapeless
   544 | D:1      | Reached * piety under Jiyva
   631 | D:2      | Reached XP level 3. HP: 25/33 MP: 3/3
   858 | D:2      | Reached ** piety under Jiyva
  1041 | D:3      | Reached XP level 4. HP: 30/40 MP: 4/4
  1066 | D:3      | Found an iron altar of Okawaru.
  1170 | D:3      | Found a burning altar of Makhleb.
  1173 | D:3      | Found a sacrificial altar of Ru.
  1710 | D:4      | Reached *** piety under Jiyva
  1710 | D:4      | Gained mutation: Your body has grown eyes which may confuse
                  | attackers. (Acc +3) [Jiyva's grace]
  1710 | D:4      | Gained mutation: Your body has grown many eyes which may
                  | confuse attackers. (Acc +5) [Jiyva's grace]
  1710 | D:4      | Gained mutation: Your body is covered in eyes which may
                  | confuse attackers. (Acc +7, SInv) [Jiyva's grace]
  1710 | D:4      | Gained mutation: Your melee attacks may engulf your foes in
                  | ooze. [Jiyva's grace]
  1801 | D:4      | Reached XP level 5. HP: 47/47 MP: 5/5
  1917 | D:4      | Noticed Natasha
  1924 | D:4      | Killed Natasha
  2097 | D:4      | Killed Natasha
  2227 | D:5      | Entered Level 5 of the Dungeon
  2338 | D:5      | Noticed a necrophage
  2354 | D:5      | Killed a necrophage
  2355 | D:5      | Reached skill level 1 in Throwing
  2355 | D:5      | Reached XP level 6. HP: 51/55 MP: 6/6
  2394 | D:5      | Noticed Sigmund
  2404 | D:5      | Killed Sigmund
  2405 | D:5      | Reached skill level 5 in Fighting
  2405 | D:5      | Reached skill level 5 in Long Blades
  2471 | D:5      | Your scales start taking on a golden yellow colour.
  2471 | D:5      | Reached XP level 7. HP: 61/61 MP: 7/7
  2471 | D:5      | Gained mutation: You are resistant to acid. (rCorr) [Yellow
                  | Draconian growth]
  2643 | D:5      | Found a glowing golden altar of the Shining One.
  2665 | D:5      | Reached **** piety under Jiyva
  2797 | D:5      | Found a broken altar of Ashenzari.
  2863 | D:5      | Found a staircase to the Ecumenical Temple.
  3238 | Temple   | Entered the Ecumenical Temple
  3318 | D:6      | Found Magraod's Magic Scroll Boutique.
  3406 | D:6      | Found Piyliymp's Weapon Boutique.
  3488 | D:6      | Found a sand-covered staircase.
  3492 | Ossuary  | Entered an ossuary
  3812 | Ossuary  | Was placed under penance by Jiyva
  4198 | D:6      | Reached XP level 8. HP: 70/70 MP: 8/8
  4250 | D:6      | Found Duethre's General Store.
  4255 | D:6      | Was forgiven by Jiyva
  4256 | D:6      | Noticed a troll
  4291 | D:6      | Killed a troll
  4316 | D:6      | Bought a scroll of magic mapping for 38 gold pieces
  4375 | D:6      | Found Fawet's Antique Armour Boutique.
  4529 | D:6      | Gained mutation: Armour fits poorly on your pseudopods.
                  | [Jiyva's grace]
  4529 | D:6      | Gained mutation: Armour fits poorly on your large
                  | pseudopods. [Jiyva's grace]
  4529 | D:6      | Gained mutation: Armour fits poorly on your massive
                  | pseudopods. [Jiyva's grace]
  4529 | D:6      | Gained mutation: You have a pair of small antennae on your
                  | head. [Jiyva's grace]
  4611 | D:6      | Found Iwoer's Distillery.
  4616 | D:6      | Bought a potion of heal wounds for 70 gold pieces
  4616 | D:6      | Bought a potion of curing for 42 gold pieces
  4974 | D:7      | Reached ***** piety under Jiyva
  5321 | D:7      | Found a hide-covered altar of Uskayaw.
  5384 | D:7      | Identified the ring "Femengan" {rElec rPois Will- Dex-3
                  | Stlth+}
  5528 | D:7      | Found a shimmering blue altar of Sif Muna.
  5770 | D:8      | You fall into a shaft and drop 1 floor!
  5770 | D:9      | Noticed a manticore
  5771 | D:9      | Noticed a kobold demonologist
  5772 | D:9      | Noticed a hornet
  5777 | D:9      | Killed a hornet
  5779 | D:9      | Noticed a komodo dragon
  5779 | D:9      | a spriggan changed into a komodo dragon
  5780 | D:9      | Noticed an orange demon
  5783 | D:9      | Slimified a kobold demonologist
  5783 | D:9      | Noticed a slime creature
  5783 | D:9      | a kobold demonologist changed into a slime creature
  5784 | D:9      | Noticed a mana viper
  5784 | D:9      | a komodo dragon changed into a mana viper
  5787 | D:9      | Slimified a mana viper
  5787 | D:9      | Noticed a slime creature
  5787 | D:9      | a mana viper changed into a slime creature
  5789 | D:9      | Noticed a manticore
  5790 | D:9      | Reached skill level 5 in Dodging
  5798 | D:9      | Killed a slime creature
  5799 | D:9      | Reached XP level 9. HP: 74/79 MP: 6/9
  5801 | D:9      | Killed a manticore
  5803 | D:9      | Killed a manticore
  5930 | D:9      | Killed from afar by a steam dragon

Illustrated notes

Levels and vault maps discovered:
D:1:      scummos_arrival_star, layout_rooms, nicolae_ecumenical_lake_church
D:2:      layout_rooms, minmay_misc_feat_five, serial_bayou_lagoon_a
D:3:      layout_rooms, kennysheep_okawaru_gauntlet, nicolae_overflow_squiral,
          columned_hall_lemuel, hangedman_decor_lopped
D:4:      layout_loops_cross, minivault_23, minivault_5, minivault_27,
          minmay_misc_feat_chi, uniq_natasha
D:5:      layout_layer_cave, nicolae_tso_besieged_by_evil, marbit_many_paths,
          minmay_temple_entry_metal_lava, uniq_sigmund
D:6:      layout_loops_ring, serial_shops, shop,
          nicolae_shop_bloodbath_and_beyond, shop, nicolae_shop_hallway_stairs,
          nicolae_inconvenience_store, nicolae_ossuary_entry_plus
D:7:      layout_gridville, mainiacjoe_overflow_six_doors_small, led_sif_pool,
          serial_co_window_serial, co_window_paths_b, co_window_corner_a,
          co_window_paths_a, co_window_corner_a, co_window_corner_a,
          co_window_paths_c, co_window_2corner, co_window_corner_cb,
          co_window_corner_b, co_window_2corner, co_window_paths_c,
          co_window_paths_e, co_window_sun, glass_columns_a, glass_columns_b,
          glass_columns_a, glass_columns_c
D:8:      layout_basic, grunt_dithmenos_smoke, serial_bayou_pond_b,
          minmay_misc_feat_encased, minmay_manual_mullet
D:9:      layout_small_grid, vehumet_statue, minmay_pinched_square, uniq_joseph
Temple:   cyrus_circular_temple

Skill      XL: |  1  2  3  4  5  6  7  8  9 |
---------------+----------------------------+-----
Dodging        | 3 4 5 |  5.5
Fighting       | 4 5 6 7 8 |  8.1
Long Blades    | 3 4 5 6 8 |  8.8
Throwing       | 1 |  1.3
Shields        | 4 |  4.6

Action                   |  1- 3 |  4- 6 |  7- 9 || total
-------------------------+-------+-------+-------++-------
Melee: Long sword        |   102 |   125 |   274 ||   501
       Tailslap          |     7 |    12 |    41 ||    60
       Pseudopods        |       |       |    17 ||    17
Throw: Dart              |       |    17 |       ||    17
Invok: Slimify           |       |       |     2 ||     2
 Abil: Breathe Acid      |       |       |     2 ||     2
  Use: Scroll            |       |       |    10 ||    10
       Potion            |       |       |     4 ||     4
 Stab: Sleeping          |       |     1 |     3 ||     4
       Confused          |       |     2 |    10 ||    12
       Invisible         |       |       |     1 ||     1
Armor: Skin              |    31 |    42 |    74 ||   147
Dodge: Dodged            |    70 |    86 |   191 ||   347
Block: Buckler           |    30 |    19 |    67 ||   116

Table legend: (Time is in decaauts)
 A = Elapsed time spent in this place.
 B = Non-inter-level travel time spent in this place.
 C = Inter-level travel time spent in this place.
 D = Time resting spent in this place.
 E = Time spent auto-exploring this place.
 F = Levels seen in this place.
 G = Mean time per level.
                   A        B        C        D        E       F      G
               +--------+--------+--------+--------+--------+-----+--------+
         Total |   6028 |   5785 |    243 |    236 |   4179 |  11 |  548.0 |
       Dungeon |   5343 |   5109 |    234 |      0 |   3986 |   9 |  593.7 |
        Temple |     59 |     50 |      9 |      0 |     42 |   1 |   59.0 |
       Ossuary |    624 |    624 |      0 |    236 |    151 |   1 |  624.0 |
               +--------+--------+--------+--------+--------+-----+--------+

Top non-repeatable levels by time:
     D:7: 1045 daAuts
     D:5: 1044 daAuts
     D:6: 785 daAuts
     D:4: 690 daAuts
 Ossuary: 624 daAuts
     D:1: 591 daAuts
     D:3: 554 daAuts
     D:2: 466 daAuts
     D:9: 160 daAuts
  Temple: 59 daAuts
     D:8: 5 daAuts
